AoeStats
← kkkg

Arena

506848458Analyzed
1v1 RM · 17d ago on Sep 15, 2026· 37m 36s· 2 players
Game mode
Random Map
Map size
Tiny (2 player)
Population
200
Speed
Normal
Resources
Standard
Victory
Conquest
Starting age
Dark Age
Ending age
Imperial Age
RankedLock teamsTeams togetherTeam positionsShared explorationLock speedFull tech treeHidden civsTurbo modeCheats
Victory
Defeat
🇨🇱 Bohemians · Chile
938
+16
🇨🇳 Burmese · China
934
-16
kkkg
9:25 Feudal Age
11:32 Horse Collar
18:07 Castle Age
20:02 Gold Mining
20:33 Loom
24:05 Heavy Plow
25:59 Wheelbarrow
28:59 Fletching
30:36 Bodkin Arrow
33:50 Imperial Age
31:38 Hand Cart
32:47 Treadmill Crane
34:15 Forging
34:12 Scale Barding Armor
33:58 Treadmill Crane
34:40 Ballistics
34:58 Husbandry
35:09 Bloodlines
34:21 Cavalier
35:55 Conscription
36:09 Forging
36:05 Scale Barding Armor
38:34 Iron Casting
38:20 Chain Barding Armor
Camilooo
10:16 Feudal Age
14:58 Castle Age
14:01 Loom
14:06 Double-Bit Axe
20:10 Fervor
23:29 Bow Saw
24:07 Horse Collar
26:15 Wheelbarrow
31:22 Imperial Age
32:28 Conscription
32:32 Hand Cart
33:30 Chemistry
32:22 Pikeman
33:24 Town Watch
36:12 Squires
35:58 Arson
37:59 Forging
37:49 Scale Mail Armor
Connection lost

Rejoining the realm…

Still unreachable

The connection could not be restored.

Session expired

The server has moved on; the page needs a fresh start.